 Dungeon Crawl Stone Soup version 0.29.1-15-g9cfb28693d (webtiles) character file.

Game seed: 2765719969079936891

44 ThatPearl the Sneak (level 3, -1/26 HPs)
             Began as a Vampire Enchanter on Mar 14, 2023.
             Slain by a gnoll
             ... wielding a +0 whip
              (7 damage)
             ... on level 1 of the Dungeon.
             The game lasted 00:09:38 (1442 turns).

ThatPearl the Sneak (Vampire Enchanter)             Turns: 1442, Time: 00:09:38

Health: -1/26      AC:  3    Str:  7    XL:     3   Next: 39%
Magic:  0/6        EV: 12    Int: 25    God:
Gold:   73         SH:  0    Dex: 14    Spells: 4/6 levels left

rFire   . . .      SeeInvis +   e - +0 short sword
rCold   . . .      Faith    .   (no shield)
rNeg    . . .      Spirit   .   b - +0 robe
rPois   .          Reflect  .   i - +0 helmet
rElec   .          Harm     .   (no cloak)
rCorr   .          Rampage  .   (no gloves)
Will    .....                   (no boots)
Stlth   +++.......              (no amulet)
HPRegen 0.28/turn               k - +6 ring of intelligence
MPRegen 0.10/turn               (no ring)

@: healing quickly
A: alive, fangs 3, see invisible, vampiric 2
a: Exsanguinate


You were on level 1 of the Dungeon.
You visited 1 branch of the dungeon, and saw 2 of its levels.

You collected 73 gold pieces.

Inventory:

Hand Weapons
 a - a +1 dagger
 e - a +0 short sword (weapon)
Missiles
 d - 3 stones
 l - a throwing net
Armour
 b - a +0 robe (worn)
 i - a +0 helmet (worn)
 m - a +0 cloak
 o - a +0 kite shield
 s - an orb of energy
Magical Staves
 h - a staff of cold
 n - a staff of air
Jewellery
 k - a +6 ring of intelligence (left hand)
Scrolls
 g - a scroll of immolation {unknown}
 p - 3 scrolls of identify {unknown}
 r - 3 scrolls of acquirement {unknown}
Potions
 c - 2 potions of invisibility
 f - 4 potions of curing {unknown}
 j - a potion of attraction {unknown}
 q - a potion of heal wounds {unknown}


   Skills:
 + Level 1.0 Fighting
 + Level 1.8 Short Blades
 - Level 2.1 Dodging
 + Level 5.0 Stealth
 + Level 2.3 Spellcasting
 + Level 4.9 Hexes


You had 4 spell levels left.
You knew the following spells:

 Your Spells              Type           Power      Damage    Failure   Level
b - Ensorcelled Hibernat  Hex/Ice        30%        N/A       6%          2

Your spell library contained the following spells:

 Spells                   Type           Power      Damage    Failure   Level
 Confusing Touch          Hex            27%        N/A       4%          3
 Tukima's Dance           Hex            27%        N/A       4%          3
 Dazzling Flash           Conj/Hex       30%        N/A       12%         3


Dungeon Overview and Level Annotations

Branches:
Dungeon (2/15)

Altars:


Innate Abilities, Weirdness & Mutations

Your natural rate of healing is accelerated.
You have razor-sharp teeth.
You have supernaturally acute eyesight. (SInv)
You are afflicted with vampirism and can become a bat while bloodless.


Message History

Aim: a gnoll, wielding a +0 whip (chance to affect: 57%)
The gnoll resists with significant effort.
The gnoll barely misses you. The gnoll attacks as you move away!
The gnoll hits you with a +0 whip.
Your magical contamination has completely faded away.
The gnoll attacks as you move away! The gnoll closely misses you.
The gnoll attacks as you move away! The gnoll misses you.
The gnoll attacks as you move away! The gnoll closely misses you.
The gnoll attacks as you move away! The gnoll closely misses you.
You see here a +0 dagger.
The gnoll attacks as you move away! The gnoll misses you.
There is a stone staircase leading up, spattered with blood here.
The gnoll hits you with a +0 whip.
You climb upwards.
There is a stone staircase leading down here.
Aiming: Ensorcelled Hibernation (safe; 6% risk of failure)
Press: ? - help, Q - select action, (/) - cycle Shift-Dir - straight line, f - gnoll
Aim: a gnoll, wielding a +0 whip (chance to affect: 57%)
The gnoll resists with significant effort.
The gnoll hits you with a +0 whip! The gnoll attacks as you move away!
The gnoll barely misses you.
You closely miss the gnoll. The gnoll closely misses you.
You hit the gnoll.
The gnoll is lightly wounded.
The gnoll hits you with a +0 whip.
You hit the gnoll. Your bite misses the gnoll.
The gnoll is moderately wounded.
The gnoll hits you with a +0 whip!
* * * LOW HITPOINT WARNING * * *
You hit the gnoll but do no damage.
The gnoll is moderately wounded.
The gnoll closely misses you.
You hit the gnoll but do no damage.
The gnoll is moderately wounded.
The gnoll hits you with a +0 whip.
* * * LOW HITPOINT WARNING * * *
You hit the gnoll. Your bite misses the gnoll.
The gnoll is heavily wounded.
The gnoll hits you with a +0 whip!
You die...

#.....#..........#.## ####.####
###.#............#.# ##.......##
#.#............#.# ##.........#
##.#.#..........#.# #...........
##..#............#.###...........
...######........................
#### #####.####.####.........#
#...##.# ##...#...##
#######.@..#############
#######..# #..g....# ###..)....##
#.......# ....####### #.......#
##### #.......# #.......#
#########


You could see a gnoll.

Vanquished Creatures
  An adder (D:2)
  A gnoll (D:1)
  4 ball pythons
  An endoplasm (D:1)
  A giant cockroach (D:1)
  5 goblins (D:1)
  A hobgoblin (D:1)
  2 kobolds
  A quokka (D:1)
  2 bats
  A frilled lizard (D:1)
  3 rats
23 creatures vanquished.

Notes
Turn   | Place    | Note
-------+----------+-------------------------------------------
     0 | D:1      | ThatPearl the Vampire Enchanter began the quest for the
                  | Orb.
     0 | D:1      | Reached XP level 1. HP: 13/13 MP: 3/3
   217 | D:1      | Found a faded altar of an unknown god.
   287 | D:1      | Reached XP level 2. HP: 20/20 MP: 5/5
   376 | D:1      | Learned a level 2 spell: Ensorcelled Hibernation
  1007 | D:2      | Gained mutation: You are afflicted with vampirism and can
                  | become a bat while bloodless. [Vampire growth]
  1007 | D:2      | Reached XP level 3. HP: 25/25 MP: 1/6
  1069 | D:2      | Reached skill level 5 in Stealth
  1127 | D:1      | Reached skill level 1 in Fighting
  1442 | D:1      | Slain by a gnoll

Illustrated notes

Levels and vault maps discovered:
D:1:      dpeg_chamrin_arrival_tetris, layout_rooms,
          dreamdust_ecumenical_altar_hidden_monk_grotto, chequers_jeans
D:2:      layout_loops_ring, basic_altar

Skill      XL: |  1  2  3 |
---------------+----------+-----
Stealth        | 5 |  5.0
Fighting       | 1 |  1.0
Short Blades   | |  1.8
Dodging        | |  2.1
Spellcasting   | |  2.3
Hexes          | |  4.9

Action                   || total
-------------------------++-------
Melee: Dagger            ||    24
       Bite              ||     2
       Short sword       ||    45
Throw: Stone             ||     8
 Cast: Ensorcelled Hiber ||    14
 Stab: Sleeping          ||    10
Armor: Robe              ||    23
Dodge: Dodged            ||    57
